 Dungeon Crawl Stone Soup version 0.22-a0-165-g89cf10f13c (webtiles) character file.

4062 Ordine the Basher (level 10, -1/56 HPs)
             Began as a Gargoyle Fighter on Feb 13, 2018.
             Was an Elder of Okawaru.
             Blown up by Pikel (22 damage)
             ... with a wand of disintegration (9)
             ... on level 8 of the Dungeon.
             The game lasted 00:21:47 (8432 turns).

Ordine the Basher (Gargoyle Fighter)                Turns: 8432, Time: 00:21:48

Health: -1/56      AC: 17    Str: 19    XL:     10   Next: 25%
Magic:  13/13      EV: 16    Int: 18    God:    Okawaru [****..]
Gold:   294        SH: 12    Dex: 14    Spells: 9/9 levels left

rFire    . . .     SeeInvis .   o - +0 morningstar
rCold    . . .     Gourm    +   c - +1 shield
rNeg     + . .     Faith    .   b - +0 scale mail
rPois    ∞         Spirit   .   q - +2 helmet of Bitterness {Int+5}
rElec    +         Reflect  .   (no cloak)
rCorr    .         Harm     .   (no gloves)
MR       .....                  (no boots)
Stlth    ++........             d - amulet of the gourmand (curse)
HPRegen  0.18/turn              m - +3 ring of evasion
MPRegen  0.13/turn              t - ring of stealth

@: agile
A: negative energy resistance 1, electricity resistance, unbreathing,
petrification resistance, rot immunity, AC +7
a: Heroism, Renounce Religion


You were on level 8 of the Dungeon.
You worshipped Okawaru.
Okawaru was greatly pleased with you.
You were not hungry.

You visited 2 branches of the dungeon, and saw 10 of its levels.
You also visited: Ossuary.

You collected 294 gold pieces.

Inventory:

Hand Weapons
 o - a +0 morningstar (weapon)
Armour
 b - a +0 scale mail (worn)
 c - a +1 shield (worn)
 q - the +2 helmet of Bitterness (worn) {Int+5}
   (You took it off Robin on level 3 of the Dungeon)

   It affects your intelligence (+5).
Jewellery
 d - a cursed amulet of the gourmand (around neck)
 m - a +3 ring of evasion (left hand)
 t - a ring of stealth (right hand)
Wands
 s - a wand of flame (21)
 w - a wand of disintegration (10)
Scrolls
 i - 2 scrolls of magic mapping
 k - 2 scrolls of enchant weapon
 p - 3 scrolls of teleportation
 v - 5 scrolls of remove curse
 y - a scroll of enchant armour
Potions
 a - 2 potions of magic {unknown}
 g - 2 potions of heal wounds {unknown}
 h - 2 potions of degeneration {unknown}
 j - a potion of haste {unknown}
 l - 2 potions of brilliance {unknown}
 n - 2 potions of flight {unknown}
 r - 3 potions of curing
 x - a potion of resistance {unknown}
 z - a potion of berserk rage {unknown}
 B - a potion of ambrosia {unknown}
Books
 u - a book of Burglary

   Spells                             Type                      Level
   a - Swiftness                      Charms/Air                   2
   b - Passwall                       Transmutation/Earth          2
   c - Passage of Golubria            Translocation                4
   d - Lee's Rapid Deconstruction     Earth                        5
   e - Darkness                       Hexes                        6
   f - Invisibility                   Hexes                        6
Comestibles
 f - 11 rations


   Skills:
 - Level 3.2 Fighting
 * Level 11.4 Maces & Flails
 - Level 3.2 Armour
 + Level 9.4 Shields
 + Level 4.2 Invocations


You had 9 spell levels left.
You didn't know any spells.

Dungeon Overview and Level Annotations

Branches:
Dungeon (9/15)             Temple (1/1) D:5
   Lair: D:8-11         Orc: D:9-12

Altars:
Ashenzari
Cheibriados
Dithmenos
Elyvilon
Fedhas
Gozag
Hepliaklqana
Kikubaaqudgha
Makhleb
Nemelex Xobeh
Okawaru
Qazlal
Ru
Sif Muna
Trog
Uskayaw
Vehumet
Wu Jian
Xom
Yredelemnul
Zin
The Shining One

Shops:
D:4 }=*

Annotations:
D:8 Pikel


Innate Abilities, Weirdness & Mutations

You are resistant to torment.
Your stone body is resilient. (AC +7)
You are immune to poison.
You resist negative energy. (rN+)
You are resistant to electric shocks. (rElec)
You can survive without breathing.
You are immune to petrification.
You are immune to rotting.


Message History

Pikel zaps a wand.
You are blasted!
It is a wand of disintegration (10).
You block the slave's attack.
Things that are here:
a whip; an orc corpse The slave closely misses you.
You block the slave's attack. The slave hits you but does no damage.
The slave hits you. You block the slave's attack.
The orc priest invokes the aid of Beogh against you.
Beogh smites you!
* * * LOW HITPOINT WARNING * * *
There is a stone staircase leading up here.
Things that are here:
a dagger; a robe; an orc corpse The slave completely misses you.
You climb upwards.
There is a stone staircase leading down here.
You feel agile all of a sudden.
Pikel zaps a wand.
You struggle to resist.
You feel better.
Pikel zaps a wand.
You are blasted!
You die...

#....)...# #........#
#........# #........#
#........# #........#
#........# #......K.##
#.....@...# ####.####.## ###
#.# #..## #######.# ######
#.# ##..# #....<..# .....#
#.# ##.# #.#.##### .....#
#.######.###.#.# .....#####
#.##........)#.# )........##
#..........###.#
#.........####..#.......##..#


You could see Pikel.

Vanquished Creatures
  A manticore (D:8)
  Psyche (D:8)
  Grinder (D:4)
  A hungry ghost (D:8)
  2 orc warriors
  A sky beast (D:7)
  An ice beast (D:6)
  5 ogres
  2 centaurs (D:7)
  2 bullfrogs
  3 water moccasin zombies (Ossuary)
  A scorpion (D:5)
  6 killer bees
  4 wights (D:6)
  A howler monkey (D:8)
  2 crimson imps
  A bullfrog zombie (D:8)
  A jelly (D:6)
  3 hounds
  2 bullfrog skeletons (D:4)
  3 orc priests
  4 orc wizards
  6 iguanas
  Natasha (thrice) (D:3)
  Terence (D:3)
  5 worker ants
  3 big kobold zombies (Ossuary)
  A hound zombie (D:8)
  2 hound skeletons (D:4)
  2 mummies (Ossuary)
  Robin (D:3)
  3 gnolls (D:5)
  A howler monkey zombie (D:5)
  A howler monkey skeleton (D:7)
  12 adders
  2 shadow imps
  2 adder zombies (Ossuary)
  An adder skeleton (D:7)
  A worm (D:6)
  A dart slug (D:2)
  3 leopard geckos
  9 orcs
  8 giant cockroaches
  4 gnoll zombies (Ossuary)
  13 goblins
  6 hobgoblins
  6 jackals
  4 quokkas
  4 ball pythons
  14 bats
  6 frilled lizards
  4 hobgoblin zombies (Ossuary)
  4 kobolds
  8 kobold zombies (Ossuary)
  3 leopard gecko skeletons
  A leopard gecko zombie (D:8)
  4 orc zombies (Ossuary)
  5 rats
202 creatures vanquished.

Notes
Turn   | Place    | Note
-------+----------+-------------------------------------------
     0 | D:1      | Ordine the Gargoyle Fighter began the quest for the Orb.
     0 | D:1      | Reached XP level 1. HP: 14/14 MP: 1/1
   292 | D:1      | Reached XP level 2. HP: 19/19 MP: 2/2
   772 | D:2      | Reached skill level 3 in Maces & Flails
   848 | D:2      | Reached XP level 3. HP: 19/23 MP: 3/3
  1245 | D:2      | Reached XP level 4. HP: 26/28 MP: 4/4
  1395 | D:3      | Noticed Terence
  1411 | D:3      | Killed Terence
  1411 | D:3      | Reached skill level 4 in Maces & Flails
  1468 | D:3      | Noticed Natasha
  1474 | D:3      | Killed Natasha
  1474 | D:3      | Reached XP level 5. HP: 31/32 MP: 5/5
  1480 | D:3      | Noticed Natasha
  1488 | D:3      | Killed Natasha
  1557 | D:3      | Noticed Natasha
  1566 | D:3      | Killed Natasha
  1744 | D:3      | Noticed Robin
  1767 | D:3      | Reached skill level 5 in Maces & Flails
  1778 | D:3      | Killed Robin
  1778 | D:3      | Reached XP level 6. HP: 33/37 MP: 6/6
  1790 | D:3      | Got a polished helmet
  1803 | D:3      | Identified the +2 helmet of Bitterness {Int+5} (You took it off Robin on level 3 of the Dungeon)
  2156 | D:4      | Noticed Grinder
  2158 | D:4      | Paralysed by Grinder for 6 turns
  2178 | D:4      | Paralysed by Grinder for 3 turns
  2189 | D:4      | Paralysed by Grinder for 4 turns
  2195 | D:4      | Reached skill level 5 in Shields
  2205 | D:4      | Killed Grinder
  2205 | D:4      | Reached skill level 6 in Maces & Flails
  2205 | D:4      | Reached XP level 7. HP: 13/41 MP: 7/7
  2494 | D:4      | Found Wiluu's Gadget Shoppe.
  2655 | D:4      | Reached skill level 7 in Maces & Flails
  2848 | D:4      | Found Ruco's General Store.
  2922 | D:4      | Found Woopt's Jewellery Shop.
  3076 | D:5      | Entered Level 5 of the Dungeon
  3199 | D:5      | Found a staircase to the Ecumenical Temple.
  3204 | Temple   | Entered the Ecumenical Temple
  3290 | Temple   | Became a worshipper of Warmaster Okawaru
  3618 | D:5      | Reached XP level 8. HP: 41/46 MP: 8/8
  4049 | D:5      | Reached skill level 8 in Maces & Flails
  4937 | D:6      | Reached * piety under Okawaru
  5166 | D:6      | Reached skill level 9 in Maces & Flails
  5241 | D:6      | Reached XP level 9. HP: 51/51 MP: 9/9
  6132 | D:7      | Reached ** piety under Okawaru
  6183 | D:7      | Reached skill level 10 in Maces & Flails
  6273 | D:7      | Reached skill level 1 in Invocations
  7179 | D:7      | Found a shadowy altar of Dithmenos.
  7411 | D:8      | Found a sand-covered staircase.
  7420 | Ossuary  | Entered an ossuary
  7524 | Ossuary  | Reached *** piety under Okawaru
  7697 | D:8      | Noticed a manticore
  7825 | D:8      | Killed a manticore
  7825 | D:8      | Reached skill level 11 in Maces & Flails
  7825 | D:8      | Reached XP level 10. HP: 11/56 MP: 12/12
  8142 | D:8      | Reached **** piety under Okawaru
  8244 | D:8      | Noticed Psyche
  8254 | D:8      | Killed Psyche
  8412 | D:9      | Noticed Pikel
  8432 | D:8      | Blown up by Pikel

Vault maps used:
D:1:      dpeg_arrival_windows_large_door
D:3:      roderic_batcave, uniq_robin, uniq_terence, uniq_natasha
D:4:      serial_shops, kennysheep_mini, shop, nicolae_shop_behind_doors,
          first_ration, uniq_grinder
D:5:      cheibrodos_quashed, temple_doors_e, wad_rectangle_vault
D:7:      nicolae_dithmenos_shadow_blocks
D:8:      nicolae_ossuary_entry_monument, uniq_psyche
D:9:      cheibrodos_two_vegetables, grunt_lair_entry_orc_guard_hut, uniq_pikel
Temple:   compressed_dpeg_triangle_lava_temple
Ossuary:  ossuary_tomb_2

Skill      XL: |  1  2  3  4  5  6  7  8  9 10 |
---------------+-------------------------------+-----
Maces & Flails | 3 4 5 6 7 9 11 | 11.4
Shields        | 4 5 6 7 9 |  9.4
Invocations    | 3 4 |  4.2
Fighting       | |  3.2
Armour         | |  3.2

Action                   |  1- 3 |  4- 6 |  7- 9 | 10-12 || total
-------------------------+-------+-------+-------+-------++-------
Melee: Flail             |   109 |   174 |   228 |       ||   511
       Morningstar       |       |       |   418 |    86 ||   504
  Use: Scroll            |     7 |     1 |     6 |       ||    14
       Potion            |       |     3 |     3 |     3 ||     9
  Eat: Chunk             |     1 |     3 |    28 |     6 ||    38
Armor: Scale mail        |    52 |   108 |   215 |    63 ||   438
Dodge: Dodged            |    40 |    72 |   229 |    56 ||   397
Block: Shield            |    66 |    96 |   360 |    86 ||   608

Table legend:
 A = Spawn XP
 B = Non-spawn XP
 C = Spawn XP percentage of total XP
 D = Spawn monster count
 E = Non-spawn monster count
 F = Spawn count percentage of total count
 G = Total turns spent on level
                    A         B        C        D         E        F      G
               +---------+---------+-------+---------+---------+-------+---------
         Total |       0 |    5804 |   0.0 |       0 |     202 |   0.0 |  8432
               +---------+---------+-------+---------+---------+-------+---------
           D:1 |       0 |      26 |   0.0 |       0 |      15 |   0.0 |   759
           D:2 |       0 |      90 |   0.0 |       0 |      19 |   0.0 |   625
           D:3 |       0 |     239 |   0.0 |       0 |      40 |   0.0 |   741
           D:4 |       0 |     790 |   0.0 |       0 |      18 |   0.0 |   951
           D:5 |       0 |     482 |   0.0 |       0 |      20 |   0.0 |  1171
           D:6 |       0 |    1081 |   0.0 |       0 |      18 |   0.0 |  1415
           D:7 |       0 |    1130 |   0.0 |       0 |      24 |   0.0 |  1661
           D:8 |       0 |    1302 |   0.0 |       0 |       9 |   0.0 |   386
           D:9 |       0 |     273 |   0.0 |       0 |       9 |   0.0 |    77
       Ossuary |       0 |     391 |   0.0 |       0 |      30 |   0.0 |   259
               +---------+---------+-------+---------+---------+-------+---------
